Unix NetHack Version 5.0.0-0 post-release - last build May 30 2026 05:04:26 (55804bc15828dd6e32e9076e0726aa6fccb6e981,branch:main).

Game began 2026-05-31 10:23:41, ended 2026-05-31 10:59:41.

Booker, lawful male human Knight

                        ---  ----- ----
                         .  -....  ...
                        -. |....#...
                       --. ..{....
                ---    |..#.....      |
             ---..|     ......        |.    --
            --....|     -...-         -.--  .@
          ---<...-      |...|          .K---F--
          |....%-|      +)..|          .K.....|
          --...%.| ------...|      -----K.{h..|
           ---...--|........|----  |())|KK....--+
            |..|..--.).)....|...|  |..(@@%...........-
            -.---....-----..|...|--|.((|..-- --. .   ......-
            ..  ---..|   |).|...|..-----..|          --+-
           ---    --.|   +..--|--.........|
                    .|   |................|
                    .|   |................|
                    --   ------------...---
                                    --.--
                                     ---
Booker the Esquire       St:14 Dx:8 Co:12 In:7 Wi:18 Ch:18  Lawful S:1420
Dlvl:7  $:0  HP:0(31) Pw:33(33) AC:-5 Xp:5/270 T:2672  Burdened

Latest messages:
 There is an open door here.
 You see here a crossbow.
 You hear crashing rock.
 The pony picks up an expensive camera.
 You swap places with your dog.
 You escaped the shop without paying!
 You stole 33 zorkmids worth of merchandise.
 An alarm sounds!
 You hear the shrill sound of guards' whistles.
 The Keystone Kops appear!
 Aned zaps a glass wand!
 The wand hits MrEd!
 The wand hits the dog!
 The dog is killed!
 The wand misses you.
 The Keystone Kop throws a cream pie!
 The cream pie hits the Keystone Kop.
 The Keystone Kop is blinded by the pie.
 The Keystone Kop wields a rotted club!
 The pony drops an expensive camera.
 Pick a monster, object or location.
 You stop.  MrEd is in the way!
 The Keystone Kop just misses!
 Aned zaps a wand of striking!
 The wand hits the pony!
 An expensive camera shatters into a thousand pieces!
 The wand hits MrEd!
 MrEd is killed!
 The wand misses you.
 There is an open door here.
 There are several objects here.
 The Keystone Kop wields a club!
 Pick a monster, object or location.
 Are you waiting to get hit?  Use 'm' prefix to force a no-op (to rest).
 You hear crashing rock.
 The Keystone Kop throws a cream pie!
 The cream pie hits the Keystone Kop.
 The Keystone Kop is blinded by the pie.
 The Keystone Kop swings his club.
 The Keystone Kop hits!
 The Keystone Kop swings his club.
 The Keystone Kop hits!
 Aned zaps a wand of striking!
 The wand hits you!
 The wand hits the Keystone Kop!
 The Keystone Kop is killed!
 Aned zaps a wand of striking!
 The wand hits you!
 You die...
 Aned takes all your possessions.

Inventory:
 Weapons  (')')
  F - an uncursed +1 arrow
  a - an uncursed corroded +1 long sword (weapon in right hand)
  E - a cursed +2 silver saber
  b - an uncursed +1 lance
 Armor    ('[')
  d - an uncursed +3 helmet (being worn)
  f - an uncursed +0 pair of leather gloves (being worn)
  C - an uncursed +1 pair of iron shoes (being worn)
  e - an uncursed +0 small shield (being worn)
  D - an uncursed +0 dwarvish cloak (being worn)
  A - an uncursed +0 banded mail (being worn)
 Comestibles  ('%')
  g - 10 uncursed apples
  j - an uncursed banana
  h - 12 uncursed carrots
  O - an uncursed food ration
  k - an uncursed lichen corpse
 Scrolls  ('?')
  L - an uncursed scroll of identify
  q - 2 uncursed scrolls of light
 Potions  ('!')
  u - an uncursed potion of booze
 Rings    ('=')
  H - an uncursed ring of searching (on left hand)
 Tools    ('(')
  I - an uncursed lock pick
  K - a cursed magic marker (0:83)
  J - an uncursed partly used tallow candle
  P - an uncursed tallow candle
  Q - an uncursed tin whistle
 Gems/Stones  ('*')
  N - an uncursed ruby

Booker the Knight's attributes:

Background:
 You were an Esquire, a level 5 male human Knight.
 You were lawful, on a mission for Lugh
 who was opposed by Brigit (neutral) and Manannan Mac Lir (chaotic).
 You were right-handed.
 You were in the Gnomish Mines, on level 7.
 You entered the dungeon 2672 turns ago.
 There was a full moon in effect when your adventure ended.
 You had 270 experience points, 50 more were needed to attain level 6.
 Your score was 1420 before end-of-game adjustments.

Basics:
 You had 0 out of 31 hit points.
 You had all 33 energy points (spell power).
 Your armor class was -5.
 Your wallet was empty.
 Autopickup was on for '$%?!"=/' plus thrown, with exceptions.

Final Characteristics:
 Your strength was 14 (limit:18/100).
 Your dexterity was 8 (limit:18).
 Your constitution was 12 (limit:18).
 Your intelligence was 7 (limit:18).
 Your wisdom was 18 (limit:18).
 Your charisma was 18 (limit:18).

Final Status:
 You weren't hungry.
 You were burdened; movement was slightly slowed.
 You were wielding a long sword.
 You had basic skill with long sword and could have enhanced that.

Final Attributes:
 You were devoutly aligned.
 Your items were somewhat protected from fire.
 Your items were somewhat protected from cold.
 You were telepathic.
 You had automatic searching.
 You could jump.
 You were warded.
 You were lucky.
 You are dead.

Miscellaneous:
 You disabled loading and storing of bones levels.
 Total elapsed playing time was 35 minutes and 57 seconds.

Major events:
 Turn
    1: Booker the lawful male human Knight entered the dungeon
 1273: attained the rank of Esquire (level 3)
 1455: entered the Gnomish Mines
 2482: reached Mine Town
 2667: stole 33 zorkmids worth of merchandise from Aned's hardware store
 2672: killed by a wand

You didn't know any spells.

Skills:
 Fighting Skills
   bare handed combat [Unskilled]
   two weapon combat  [Unskilled]
   riding             [Basic]
 Weapon Skills
   dagger             [Unskilled]
   knife              [Unskilled]
   axe                [Unskilled]
   pick-axe           [Unskilled]
   short sword        [Unskilled]
   broadsword         [Unskilled]
   long sword         [Basic]
   two-handed sword   [Unskilled]
   saber              [Unskilled]
   club               [Unskilled]
   mace               [Unskilled]
   morning star       [Unskilled]
   flail              [Unskilled]
   hammer             [Unskilled]
   polearms           [Unskilled]
   spear              [Unskilled]
   trident            [Unskilled]
   lance              [Basic]
   bow                [Unskilled]
   crossbow           [Unskilled]
 Spellcasting Skills
   attack spells      [Unskilled]
   healing spells     [Unskilled]
   clerical spells    [Unskilled]

Voluntary challenges:
 Character rerolling was not enabled.
 You never genocided any monsters.
 You never polymorphed an object.
 You never changed form.
 You used no wishes.
Achievements:
 You entered a shop.
 You attained the rank of Esquire.
 You entered the Gnomish Mines.
 You entered Minetown.

 The Dungeons of Doom: levels 1 to 4
    Level 1:
       Some fountains.
    Level 2:
       A food shop, some altars.
    Level 3:
       A fountain.
       Stairs down to The Gnomish Mines.
    Level 4:
 The Gnomish Mines: levels 4 to 7
    Level 4:
    Level 5:
    Level 6:
    Level 7: <- You were here.
       A tool shop, some fountains, some trees.
       Final resting place for
          you, killed by a wand.


Vanquished creatures:
  a horse
  a gnome ruler
  a dog
  a yellow light
  a shrieker
  6 gnome leaders
  2 gnomish wizards
  a floating eye
  2 dwarves
  2 hill orcs
 an iguana
 an acid blob
  a coyote
  3 giant rats
  a yellow mold
  a green mold
 33 gnomes
  a Keystone Kop
  a gecko
  3 jackals
  a goblin
  2 sewer rats
  a grid bug
  5 lichens
  4 newts
77 creatures vanquished.

No species were genocided or became extinct.

Game over:
                       ----------
                      /          \
                     /    REST    \
                    /      IN      \
                   /     PEACE      \
                  /                  \
                  |      Booker      |
                  |       0 Au       |
                  | killed by a wand |
                  |                  |
                  |                  |
                  |                  |
                  |       2026       |
                 *|     *  *  *      | *
        _________)/\\_//(\/(/\)/\//\/|_)_______

Fare thee well Booker the Knight...

You died in The Gnomish Mines on dungeon level 7 with 1420 points,
and 0 pieces of gold, after 2672 moves.
You were level 5 with a maximum of 31 hit points when you died.

